 Dungeon Crawl Stone Soup version 0.31-b1-20-g67cafac56d (webtiles) character file.

Game seed: 10442681118454049096

45 booth the Gusty (level 3, 0/26 HPs)
             Began as a Draconian Air Elementalist on Jan 17, 2024.
             Killed from afar by Robin (10 damage)
             ... with a puff of flame
             ... on level 2 of the Dungeon.
             The game lasted 00:15:48 (1659 turns).

booth the Gusty (Draconian Air Elementalist)        Turns: 1659, Time: 00:15:49

Health: 0/26       AC:  5    Str: 12    XL:     3   Next: 42%
Magic:  2/6        EV:  6    Int: 15    God:
Gold:   76         SH:  0    Dex: 11    Spells: 0/6 levels left

rFire   . . .        b - +0 dagger
rCold   . . .        (no shield)
rNeg    . . .        (body armour unavailable)
rPois   .            (helmet restricted)
rElec   .            (no cloak)
rCorr   .            (no gloves)
SInv    .            (no boots)
Will    .....        (no amulet)
Stlth   ++           (no ring)
HPRegen 0.24/turn    (no ring)
MPRegen 0.10/turn

%: no passive effects
@: held
A: AC +5, unfitting armour, cold-blooded
a: no special abilities


You were on level 2 of the Dungeon.
You visited 1 branch of the dungeon, and saw 2 of its levels.

You collected 76 gold pieces.

Inventory:

Hand Weapons
 b - a +0 dagger (weapon)
 c - a +0 mace
Potions
 a - 3 potions of might {unknown}
 d - a potion of mutation
 f - a potion of lignification


   Skills:
 + Level 2.1 Dodging
 + Level 2.2 Stealth
 + Level 2.2 Spellcasting
 - Level 1.1 Conjurations
 + Level 0.5 Fire Magic
 * Level 3.5 Air Magic


You couldn't memorise any spells.
You knew the following spells:

 Your Spells              Type           Power      Damage    Failure   Level
a - Shock                 Conj/Air       32%        1d5       9%          1
b - Static Discharge      Conj/Air       16%        3-4/arc   12%         2
c - Swiftness             Air            12%        N/A       16%         3

Your spell library contained the following spells:

 Spells                   Type           Power      Damage    Failure   Level
 Momentum Strike          Conj/Tloc      6%         3d8       26%         2
 Airstrike                Air            6%         2d(1-17)  45%         4
 Inner Flame              Hex/Fire       2%         N/A       52%         3
 Volatile Blastmotes      Fire/Tloc      4%         2d10      52%         3
 Gell's Gravitas          Tloc           1%         N/A       54%         3
 Teleport Other           Tloc           1%         N/A       54%         3
 Flame Wave               Conj/Fire      4%         2d5       83%         4
 Sticky Flame             Fire/Alch      2%         2d4       89%         4
 Dispersal                Tloc           0%         N/A       100%        6
 Malign Gateway           Summ/Tloc      0%         N/A       100%        7
 Disjunction              Tloc           0%         N/A       100%        8


Dungeon Overview and Level Annotations

Branches:
Dungeon (2/15)

Altars:

Annotations:
D:2 Robin


Innate Abilities, Weirdness & Mutations

Your plain brown scales are hard. (AC +5)
You cannot fit into any form of body armour.
You are cold-blooded and may be slowed by cold attacks.


Message History

You hit the ribbon worm but do no damage.
The ribbon worm is heavily wounded.
The ribbon worm bites you but does no damage.
You hit the ribbon worm.
The ribbon worm is heavily wounded.
You hit the ribbon worm.
The ribbon worm is severely wounded.
The ribbon worm bites you but does no damage.
You barely miss the ribbon worm.
The ribbon worm is heavily wounded.
The ribbon worm expels a string of sticky webbing.
The stream of webbing hits you but does no damage.
You are caught in a web!
The web tears apart.
The ribbon worm bites you.
You barely miss the ribbon worm. You tail-slap the ribbon worm.
The ribbon worm is severely wounded.
The ribbon worm bites you.
You hit the ribbon worm but do no damage.
The ribbon worm is severely wounded.
Robin roars a battlecry!
You hear a shout!
You hit the ribbon worm.
The ribbon worm is severely wounded.
The ribbon worm closely misses you.
You hit the ribbon worm but do no damage.
The ribbon worm is severely wounded.
The ribbon worm bites you but does no damage.
Robin roars a battlecry!
You hear a shout! x3
You hit the ribbon worm but do no damage.
The ribbon worm is severely wounded.
The ribbon worm expels a string of sticky webbing.
The stream of webbing hits you but does no damage.
You are caught in a web!
You struggle to detach yourself from the web.
The ribbon worm bites you.
You struggle to detach yourself from the web.
Robin zaps a wand.
The puff of flame hits you!
You die...
Robin says, "And that's why I'm the boss."

# #....<.......#
###
#..............
..#
##....)..#..##..
#.######
##.##...#.## ##
).....[#
###..##g...#####
.......#
#...............
.......#
#...............
.......#
###.............
.......#
#..###@.....>..
.......# )#
#w........
.......# ##.#
#.........
.......# #..#
#.........
####### #.#
#......... # #.#
#......... #
####.#
#########[ #
#....# #
#.#########


You could see a ribbon worm (catching breath) and Robin.

Vanquished Creatures
  An adder (D:2)
  A dart slug (D:2)
  3 bats
  3 endoplasms
  A giant cockroach (D:2)
  4 goblins
  4 jackals (D:2)
  2 quokkas
  A ball python (D:2)
  4 frilled lizards
  6 kobolds
  2 rats (D:1)
32 creatures vanquished.

Notes
Turn   | Place    | Note
-------+----------+-------------------------------------------
     0 | D:1      | booth the Draconian Air Elementalist began the quest for
                  | the Orb.
     0 | D:1      | Reached XP level 1. HP: 14/14 MP: 3/3
   316 | D:1      | Reached XP level 2. HP: 20/20 MP: 0/5
   469 | D:1      | Learned a level 2 spell: Static Discharge
   950 | D:1      | Identified a scroll of acquirement
   950 | D:1      | Acquired a There-And-Back Book
   986 | D:2      | Got the Thoughts on Nonlocality
  1049 | D:2      | HP: 1/20 [ribbon worm (5)]
  1314 | D:2      | Reached XP level 3. HP: 18/26 MP: 0/6
  1426 | D:2      | Learned a level 3 spell: Swiftness
  1627 | D:2      | Noticed Robin
  1659 | D:2      | Killed from afar by Robin

Illustrated notes

Levels and vault maps discovered:
D:1:      amcnicky_arrival_flooded_fountain, layout_loops_ring,
          minmay_misc_feat_diagonals, minmay_pentomino_r2
D:2:      layout_rooms, uniq_robin

Skill      XL: |  1  2 |
---------------+-------+-----
Dodging        | 2 |  2.1
Stealth        | 2 |  2.2
Spellcasting   | |  2.2
Conjurations   | |  1.1
Fire Magic     | |  0.5
Air Magic      | |  3.5

Action                     || total
---------------------------++-------
  Melee: Dagger            ||    84
         Tailslap          ||    11
         Punch             ||     1
   Cast: Shock             ||    52
         Static Discharge  ||     5
    Use: Scroll            ||     3
         Potion            ||     2
 Armour: Skin              ||    72
  Dodge: Dodged            ||    42
